 Dungeon Crawl Stone Soup version 0.28-a0-984-g3775c662fe (webtiles) character file.

Game seed: 15878174639061369062

0 spiderkeys the Skirmisher (level 1, 0/18 HPs)
             Began as a Barachi Abyssal Knight on Dec 3, 2021.
             Was a Follower of Lugonu.
             Killed from afar by a wretched star (18 damage)
             ... with a lance of force
             ... summoned by a glowing orange brain
             ... on level 1 of the Abyss.
             The game lasted 00:00:35 (150 turns).

spiderkeys the Skirmisher (Barachi Abyssal Knight)   Turns: 150, Time: 00:00:36

Health: 0/18       AC:  3    Str: 14      XL:     1   Next: 0%
Magic:  2/2        EV: 11    Int:  7 (10) God:    Lugonu [*.....]
Gold:   0          SH:  0    Dex: 12      Spells: 0/0 levels left

rFire   . . .      SeeInvis .   a - +1 falchion
rCold   . . .      Faith    .   (no shield)
rNeg    . . .      Spirit   .   b - +0 leather armour
rPois   .          Reflect  .   (no helmet)
rElec   .          Harm     .   (no cloak)
rCorr   .          Rampage  .   (no gloves)
Will    .....                   (no boots)
Stlth   +.........              (no amulet)
HPRegen 0.06/turn               (no ring)
MPRegen 0.08/turn               (no ring)

@: afraid, slow
A: amphibious, slowness 1, strong legs 1, +LOS
a: Hop, Renounce Religion, Depart the Abyss


You were on level 1 of the Abyss.
You worshipped Lugonu.
Lugonu was aware of your devotion.
You visited 0 branches of the dungeon, and saw 0 of its levels.
You visited the Abyss 1 time.


Innate Abilities, Weirdness & Mutations

You are amphibious.
You cover ground slowly.
You can hop short distances.
You have an extended range of vision and can be seen from far away.


   Skills:
 + Level 3.6 Fighting
 + Level 2.4 Long Blades
 + Level 2.4 Armour
 + Level 1.1 Dodging
 + Level 1.5 Invocations


You couldn't memorise any spells.
You didn't know any spells.
Your spell library was empty.

Inventory:

Hand Weapons
 a - a +1 falchion (weapon)
Armour
 b - a +0 leather armour (worn)

Dungeon Overview and Level Annotations

Branches:
Dungeon (0/15)

Altars:

# #. .# ## .# ##
.# .## .# .#.
#.##.###..#.#. .≈
≈ . #..#.....#....
. #≈ .G. # ...
..... # # .### ..
.. . ##.#.*# #.
.#. . #.X@.# ## .
.# . #.###G## #
... .. #. # ####
.#..## . . #.. #..
.. .#....### #≈
#.....#.. ##..#.##
# ..# . #.# .##..#
# . ..
##..####...#.#...#
≈ # ####
..###...#. .≈≈ .#
..#. # #


You could see a wretched star (summoned), a glowing orange brain (scary) and a
large abomination (summoned).


Message History

🤖 Initializing magus.rc ... ✅ Successfully initialized magus.rc [v1.9.10] Welcome, spiderkeys the Barachi Abyssal Knight.
You feel drawn to the Orb of Zot, downwards into the unfathomable depths...
Lugonu says: Depart the Abyss and spread corruption, my servant! (use the ability menu to exit the Abyss) Press ? for a list of commands and other information.
Found a corrupted altar of Lugonu.
Found a gateway leading deeper into the Abyss.
You are suddenly pulled into a different region of the Abyss!
A glowing orange brain comes into view.
The glowing orange brain turns its attention towards you.
A glowing orange brain is nearby!
The glowing orange brain pulsates.
You feel dopey. Something feeds on your intellect!
You slash the glowing orange brain! You hit the glowing orange brain.
You hit the glowing orange brain.
The glowing orange brain pulsates.
The glowing orange brain radiates an aura of fear!
You are terrified of the glowing orange brain!
You hit the glowing orange brain. You slash the glowing orange brain!
You hit the glowing orange brain.
You attempt to attack the glowing orange brain, but flinch away in fear!
You attempt to attack the glowing orange brain, but flinch away in fear!
You slash the glowing orange brain!
You barely miss the glowing orange brain.
The glowing orange brain pulsates.
Something tries to feed on your intellect!
You hit the glowing orange brain.
The glowing orange brain pulsates.
You feel dopey. Something feeds on your intellect!
You attempt to attack the glowing orange brain, but flinch away in fear!
You hit the glowing orange brain. You hit the glowing orange brain.
You hit the glowing orange brain but do no damage.
You attempt to attack the glowing orange brain, but flinch away in fear!
You hit the glowing orange brain but do no damage.
You hit the glowing orange brain. You hit the glowing orange brain.
The glowing orange brain pulsates.
You hit the glowing orange brain.
The wretched star glows turbulently.
The lance of force hits you!!
Ouch! That really hurt!
You die...

Action                   || total
-------------------------++-------
Melee: Falchion          ||    20

Levels and vault maps discovered:
Abyss:1:  base: Temple, base: Temple, hangedman_abyss_or_decor_stabs, base:
Temple

Notes
Turn   | Place    | Note
-------+----------+-------------------------------------------
     0 | Abyss:1  | spiderkeys the Barachi Abyssal Knight began the quest for
                  | the Orb.
     0 | Abyss:1  | Reached XP level 1. HP: 18/18 MP: 2/2
     0 | Abyss:1  | magus.rc [v1.9.10]
   118 | Abyss:1  | Noticed a glowing orange brain
   125 | Abyss:1  | Killed a small abomination
   150 | Abyss:1  | Noticed a large abomination
   150 | Abyss:1  | Noticed a wretched star
   150 | Abyss:1  | Killed from afar by a wretched star

Vanquished Creatures (others)
  A small abomination (Abyss:1)
1 creature vanquished.

Table legend:
 A = Non-vault XP
 B = Vault XP
 C = Vault XP percentage of total XP
 D = Non-vault monster count
 E = Vault monster count
 F = Vault count percentage of total count
                 A         B        C        D         E       F
            +---------+---------+-------+---------+---------+-------
      Total |       0 |       0 |   N/A |       0 |       0 |  -nan
            +---------+---------+-------+---------+---------+-------
            +---------+---------+-------+---------+---------+-------

Illustrated notes

Table legend: (Time is in decaauts)
 A = Elapsed time spent in this place.
 B = Non-inter-level travel time spent in this place.
 C = Inter-level travel time spent in this place.
 D = Time resting spent in this place.
 E = Time spent auto-exploring this place.
 F = Levels seen in this place.
 G = Mean time per level.
                   A        B        C        D        E       F      G
               +--------+--------+--------+--------+--------+-----+--------+
         Total |    179 |    179 |      0 |      0 |    110 |   1 |  179.0 |
         Abyss |    179 |    179 |      0 |      0 |    110 |   1 |  179.0 |
               +--------+--------+--------+--------+--------+-----+--------+

Top non-repeatable levels by time:
 Abyss:1: 179 daAuts
